Jing Jong, lawful male human Priest ----- -------- #....| #-......| ##|...| ###|.....<| I# ##`....| # |......| II# |....######## |......| # ----- Jing Jong the Aspirant Experience level: 1 Strength: 4 Dexterity: 13 Constitution: 14 Intelligence: 13 Wisdom: 15 Charisma: 9 Health: 0(6) Energy: 0(0) Def: 0 Gold: 251 Moves: 6582 Dungeon seed: _FXKkYx_no6zlbkY Game ID: Jing Jong_1576264295 Your Inventory: Coins $ - 251 gold pieces Comestibles M - an egg Tools N - a tin whistle Spells and supernatural/magical abilities: Name Level Category Fail Memory l - light 1 divination 0% 68% O - create monster 2 clerical 0% 68% W - pray for help -- divine ? -- X - turn undead -- divine ? -- Your skills at the end: Fighting Skills Weapon Skills mace [Basic] Spellcasting Skills clerical spells [Basic] Final Attributes: You were piously aligned. You were blinded. You could not change from your current form. You are dead (527th time!). Vanquished creatures: 2 winter wolves a large cat a wraith an ettin zombie a chameleon 2 cockatrices 4 wolves an ice vortex a dwarf mummy a gold golem a werewolf 3 lizards 2 dogs a housecat 2 jaguars a dust vortex a plains centaur a snake 3 apes 4 soldier ants a pony 2 fog clouds 3 yellow lights 2 gnome lords a gnomish wizard a kobold mummy a gray ooze a barrow wight 3 straw golems 2 giant ants a dwarf a homunculus 6 hill orcs 5 rothes a giant bat a monkey 5 orc zombies 2 werejackals an iguana 11 killer bees an acid blob a coyote a hobbit 2 large kobolds 2 hobgoblins a giant rat 5 cave spiders 2 yellow molds a red mold a gnome 8 garter snakes 6 geckos 14 jackals 2 foxes a goblin a sewer rat a grid bug 4 lichens a kobold zombie 5 newts 145 creatures vanquished. Voluntary challenges: You were vegetarian. You did not eat until turn 3570. You had followed a strict vegan diet until turn 3570. You had been an atheist until turn 4430. You used a wielded weapon 346 times, starting on turn 443. You read items or engraved 4 times, starting on turn 2486. You never genocided any monsters. You never polymorphed an object. You never changed form. You used 3 wishes, starting on turn 4723. You wished for your your first artifact on turn 4812. You never split a pudding. You never wrote Elbereth's name. You violated your moral code, losing 13 points of alignment, starting on turn 5049. Dungeon overview: The Dungeons of Doom: levels 1 to 13 Level 1 a fountain a long staircase Level 2 Level 3 stairs to The Gnomish Mines Level 4 Level 5 a fountain, a sink Level 6 Level 7 Level 8 many fountains Level 9 an altar to Mars a long staircase Level 10 Level 11 an armor shop Level 12 Level 13 <- You were here The Gnomish Mines: Level 4 stairs to The Dungeons of Doom History has recorded: On T:1 you entered the Dungeons of Doom to retrieve the Amulet of Yendor! On T:377 you reached level 2 of The Dungeons of Doom. On T:645 you reached level 3 of The Dungeons of Doom. On T:707 you reached level 1 of The Gnomish Mines. On T:819 you reached level 4 of The Dungeons of Doom. On T:1021 you advanced to experience level 2. On T:1043 you reached level 5 of The Dungeons of Doom. On T:1351 you advanced to experience level 3. On T:1911 you reached level 6 of The Dungeons of Doom. On T:2392 you advanced to experience level 4. On T:2730 you reached level 7 of The Dungeons of Doom. On T:2820 you were saved from death by your wizard powers! On T:2958 you reached level 8 of The Dungeons of Doom. On T:2986 you were saved from death by your wizard powers! On T:2989 you were saved from death by your wizard powers! On T:2993 you were saved from death by your wizard powers! On T:2997 you were saved from death by your wizard powers! On T:3043 you advanced to experience level 5. On T:3078 you were saved from death by your wizard powers! On T:3080 you were saved from death by your wizard powers! On T:3083 you were saved from death by your wizard powers! On T:3086 you were saved from death by your wizard powers! On T:3088 you were saved from death by your wizard powers! On T:3097 you were saved from death by your wizard powers! On T:3099 you were saved from death by your wizard powers! On T:3100 you were saved from death by your wizard powers! On T:3101 you were saved from death by your wizard powers! On T:3102 you were saved from death by your wizard powers! On T:3104 you were saved from death by your wizard powers! On T:3105 you were saved from death by your wizard powers! On T:3107 you were saved from death by your wizard powers! On T:3110 you were saved from death by your wizard powers! On T:3114 you were saved from death by your wizard powers! On T:3118 you were saved from death by your wizard powers! On T:3122 you were saved from death by your wizard powers! On T:3126 you were saved from death by your wizard powers! On T:3132 you were saved from death by your wizard powers! On T:3143 you were saved from death by your wizard powers! On T:3149 you were saved from death by your wizard powers! On T:3152 you were saved from death by your wizard powers! On T:3158 you were saved from death by your wizard powers! On T:3164 you were saved from death by your wizard powers! On T:3167 you were saved from death by your wizard powers! On T:3169 you were saved from death by your wizard powers! On T:3181 you were saved from death by your wizard powers! On T:3186 you were saved from death by your wizard powers! On T:3196 you were saved from death by your wizard powers! On T:3202 you were saved from death by your wizard powers! On T:3326 you reached level 9 of The Dungeons of Doom. On T:3984 you advanced to experience level 6. On T:4087 you were saved from death by your wizard powers! On T:4089 you were saved from death by your wizard powers! On T:4091 you were saved from death by your wizard powers! On T:4093 you were saved from death by your wizard powers! On T:4095 you were saved from death by your wizard powers! On T:4097 you were saved from death by your wizard powers! On T:4100 you were saved from death by your wizard powers! On T:4102 you were saved from death by your wizard powers! On T:4105 you were saved from death by your wizard powers! On T:4106 you were saved from death by your wizard powers! On T:4120 you were saved from death by your wizard powers! On T:4122 you were saved from death by your wizard powers! On T:4125 you were saved from death by your wizard powers! On T:4127 you were saved from death by your wizard powers! On T:4129 you were saved from death by your wizard powers! On T:4150 you reached level 10 of The Dungeons of Doom. On T:4184 you reached level 11 of The Dungeons of Doom. On T:4384 you were saved from death by your wizard powers! On T:4387 you were saved from death by your wizard powers! On T:4388 you were saved from death by your wizard powers! On T:4389 you were saved from death by your wizard powers! On T:4391 you were saved from death by your wizard powers! On T:4392 you were saved from death by your wizard powers! On T:4393 you were saved from death by your wizard powers! On T:4395 you were saved from death by your wizard powers! On T:4396 you were saved from death by your wizard powers! On T:4398 you were saved from death by your wizard powers! On T:4399 you were saved from death by your wizard powers! On T:4401 you were saved from death by your wizard powers! On T:4403 you were saved from death by your wizard powers! On T:4405 you were saved from death by your wizard powers! On T:4407 you were saved from death by your wizard powers! On T:4411 you were saved from death by your wizard powers! On T:4413 you were saved from death by your wizard powers! On T:4413 you were saved from death by your wizard powers! On T:4415 you were saved from death by your wizard powers! On T:4416 you were saved from death by your wizard powers! On T:4417 you were saved from death by your wizard powers! On T:4418 you were saved from death by your wizard powers! On T:4419 you were saved from death by your wizard powers! On T:4421 you were saved from death by your wizard powers! On T:4421 you were saved from death by your wizard powers! On T:4423 you were saved from death by your wizard powers! On T:4425 you were saved from death by your wizard powers! On T:4426 you were saved from death by your wizard powers! On T:4427 you were saved from death by your wizard powers! On T:4428 you were saved from death by your wizard powers! On T:4430 you were saved from death by your wizard powers! On T:4431 you were saved from death by your wizard powers! On T:4433 you were saved from death by your wizard powers! On T:4434 you were saved from death by your wizard powers! On T:4435 you were saved from death by your wizard powers! On T:4437 you were saved from death by your wizard powers! On T:4437 you were saved from death by your wizard powers! On T:4439 you were saved from death by your wizard powers! On T:4439 you were saved from death by your wizard powers! On T:4441 you were saved from death by your wizard powers! On T:4442 you were saved from death by your wizard powers! On T:4443 you were saved from death by your wizard powers! On T:4444 you were saved from death by your wizard powers! On T:4445 you were saved from death by your wizard powers! On T:4447 you were saved from death by your wizard powers! On T:4448 you were saved from death by your wizard powers! On T:4449 you were saved from death by your wizard powers! On T:4450 you were saved from death by your wizard powers! On T:4451 you were saved from death by your wizard powers! On T:4452 you were saved from death by your wizard powers! On T:4455 you were saved from death by your wizard powers! On T:4464 you were saved from death by your wizard powers! On T:4482 you were saved from death by your wizard powers! On T:4489 you were saved from death by your wizard powers! On T:4501 you were saved from death by your wizard powers! On T:4503 you were saved from death by your wizard powers! On T:4595 you were saved from death by your wizard powers! On T:4602 you were saved from death by your wizard powers! On T:4627 you were saved from death by your wizard powers! On T:4631 you were saved from death by your wizard powers! On T:4633 you were saved from death by your wizard powers! On T:4637 you were saved from death by your wizard powers! On T:4655 you reached level 12 of The Dungeons of Doom. On T:4663 you were saved from death by your wizard powers! On T:4664 you were saved from death by your wizard powers! On T:4667 you were saved from death by your wizard powers! On T:4668 you were saved from death by your wizard powers! On T:4670 you were saved from death by your wizard powers! On T:4671 you were saved from death by your wizard powers! On T:4673 you were saved from death by your wizard powers! On T:4675 you were saved from death by your wizard powers! On T:4685 you were saved from death by your wizard powers! On T:4688 you were saved from death by your wizard powers! On T:4690 you were saved from death by your wizard powers! On T:4691 you were saved from death by your wizard powers! On T:4693 you were saved from death by your wizard powers! On T:4694 you were saved from death by your wizard powers! On T:4695 you were saved from death by your wizard powers! On T:4699 you were saved from death by your wizard powers! On T:4701 you were saved from death by your wizard powers! On T:4703 you were saved from death by your wizard powers! On T:4704 you were saved from death by your wizard powers! On T:4705 you were saved from death by your wizard powers! On T:4709 you were saved from death by your wizard powers! On T:4711 you were saved from death by your wizard powers! On T:4712 you were saved from death by your wizard powers! On T:4713 you were saved from death by your wizard powers! On T:4714 you were saved from death by your wizard powers! On T:4715 you were saved from death by your wizard powers! On T:4717 you were saved from death by your wizard powers! On T:4718 you were saved from death by your wizard powers! On T:4719 you were saved from death by your wizard powers! On T:4720 you were saved from death by your wizard powers! On T:4721 you were saved from death by your wizard powers! On T:4723 you wished for "mace". On T:4723 you were saved from death by your wizard powers! On T:4724 you were saved from death by your wizard powers! On T:4725 you were saved from death by your wizard powers! On T:4727 you were saved from death by your wizard powers! On T:4728 you were saved from death by your wizard powers! On T:4729 you were saved from death by your wizard powers! On T:4731 you were saved from death by your wizard powers! On T:4732 you were saved from death by your wizard powers! On T:4733 you were saved from death by your wizard powers! On T:4735 you were saved from death by your wizard powers! On T:4736 you were saved from death by your wizard powers! On T:4737 you were saved from death by your wizard powers! On T:4739 you were saved from death by your wizard powers! On T:4741 you were saved from death by your wizard powers! On T:4743 you were saved from death by your wizard powers! On T:4744 you were saved from death by your wizard powers! On T:4746 you were saved from death by your wizard powers! On T:4748 you were saved from death by your wizard powers! On T:4750 you were saved from death by your wizard powers! On T:4752 you were saved from death by your wizard powers! On T:4754 you were saved from death by your wizard powers! On T:4755 you were saved from death by your wizard powers! On T:4757 you were saved from death by your wizard powers! On T:4759 you were saved from death by your wizard powers! On T:4761 you were saved from death by your wizard powers! On T:4762 you were saved from death by your wizard powers! On T:4764 you were saved from death by your wizard powers! On T:4765 you were saved from death by your wizard powers! On T:4767 you were saved from death by your wizard powers! On T:4768 you were saved from death by your wizard powers! On T:4770 you were saved from death by your wizard powers! On T:4771 you were saved from death by your wizard powers! On T:4773 you were saved from death by your wizard powers! On T:4774 you were saved from death by your wizard powers! On T:4775 you were saved from death by your wizard powers! On T:4777 you were saved from death by your wizard powers! On T:4778 you were saved from death by your wizard powers! On T:4780 you were saved from death by your wizard powers! On T:4781 you were saved from death by your wizard powers! On T:4783 you were saved from death by your wizard powers! On T:4784 you were saved from death by your wizard powers! On T:4786 you were saved from death by your wizard powers! On T:4787 you were saved from death by your wizard powers! On T:4789 you were saved from death by your wizard powers! On T:4790 you were saved from death by your wizard powers! On T:4791 you were saved from death by your wizard powers! On T:4792 you were saved from death by your wizard powers! On T:4793 you were saved from death by your wizard powers! On T:4794 you were saved from death by your wizard powers! On T:4795 you were saved from death by your wizard powers! On T:4796 you were saved from death by your wizard powers! On T:4797 you were saved from death by your wizard powers! On T:4798 you were saved from death by your wizard powers! On T:4799 you were saved from death by your wizard powers! On T:4800 you were saved from death by your wizard powers! On T:4801 you were saved from death by your wizard powers! On T:4801 you were saved from death by your wizard powers! On T:4802 you were saved from death by your wizard powers! On T:4802 you were saved from death by your wizard powers! On T:4803 you were saved from death by your wizard powers! On T:4804 you were saved from death by your wizard powers! On T:4805 you were saved from death by your wizard powers! On T:4805 you were saved from death by your wizard powers! On T:4806 you were saved from death by your wizard powers! On T:4807 you were saved from death by your wizard powers! On T:4807 you were saved from death by your wizard powers! On T:4808 you were saved from death by your wizard powers! On T:4809 you were saved from death by your wizard powers! On T:4809 you were saved from death by your wizard powers! On T:4810 you were saved from death by your wizard powers! On T:4811 you were saved from death by your wizard powers! On T:4811 you were saved from death by your wizard powers! On T:4811 you were saved from death by your wizard powers! On T:4812 you wished for "Mjollnir". On T:4812 you were saved from death by your wizard powers! On T:4813 you were saved from death by your wizard powers! On T:4813 you were saved from death by your wizard powers! On T:4814 you were saved from death by your wizard powers! On T:4815 you were saved from death by your wizard powers! On T:4815 you were saved from death by your wizard powers! On T:4816 you were saved from death by your wizard powers! On T:4816 you were saved from death by your wizard powers! On T:4816 you were saved from death by your wizard powers! On T:4817 you were saved from death by your wizard powers! On T:4819 you were saved from death by your wizard powers! On T:4819 you were saved from death by your wizard powers! On T:4820 you were saved from death by your wizard powers! On T:4821 you were saved from death by your wizard powers! On T:4822 you were saved from death by your wizard powers! On T:4823 you were saved from death by your wizard powers! On T:4823 you were saved from death by your wizard powers! On T:4825 you were saved from death by your wizard powers! On T:4826 you were saved from death by your wizard powers! On T:4827 you were saved from death by your wizard powers! On T:4828 you were saved from death by your wizard powers! On T:4829 you were saved from death by your wizard powers! On T:4830 you were saved from death by your wizard powers! On T:4831 you were saved from death by your wizard powers! On T:4833 you were saved from death by your wizard powers! On T:4834 you were saved from death by your wizard powers! On T:4835 you were saved from death by your wizard powers! On T:4837 you were saved from death by your wizard powers! On T:4839 you were saved from death by your wizard powers! On T:4840 you were saved from death by your wizard powers! On T:4841 you were saved from death by your wizard powers! On T:4843 you were saved from death by your wizard powers! On T:4844 you were saved from death by your wizard powers! On T:4846 you were saved from death by your wizard powers! On T:4848 you were saved from death by your wizard powers! On T:4849 you were saved from death by your wizard powers! On T:4851 you were saved from death by your wizard powers! On T:4852 you were saved from death by your wizard powers! On T:4853 you were saved from death by your wizard powers! On T:4855 you were saved from death by your wizard powers! On T:4857 you were saved from death by your wizard powers! On T:4858 you were saved from death by your wizard powers! On T:4860 you were saved from death by your wizard powers! On T:4862 you were saved from death by your wizard powers! On T:4863 you were saved from death by your wizard powers! On T:4865 you were saved from death by your wizard powers! On T:4867 you were saved from death by your wizard powers! On T:4869 you were saved from death by your wizard powers! On T:4871 you were saved from death by your wizard powers! On T:4873 you were saved from death by your wizard powers! On T:4875 you were saved from death by your wizard powers! On T:4877 you were saved from death by your wizard powers! On T:4879 you were saved from death by your wizard powers! On T:4880 you wished for "stormbringer". On T:4880 you were saved from death by your wizard powers! On T:4881 you were saved from death by your wizard powers! On T:4883 you were saved from death by your wizard powers! On T:4885 you were saved from death by your wizard powers! On T:4887 you were saved from death by your wizard powers! On T:4889 you were saved from death by your wizard powers! On T:4890 you were saved from death by your wizard powers! On T:4892 you were saved from death by your wizard powers! On T:4894 you were saved from death by your wizard powers! On T:4896 you were saved from death by your wizard powers! On T:4898 you were saved from death by your wizard powers! On T:4900 you were saved from death by your wizard powers! On T:4901 you were saved from death by your wizard powers! On T:4903 you were saved from death by your wizard powers! On T:4905 you were saved from death by your wizard powers! On T:4907 you were saved from death by your wizard powers! On T:4908 you were saved from death by your wizard powers! On T:4910 you were saved from death by your wizard powers! On T:4912 you were saved from death by your wizard powers! On T:4914 you were saved from death by your wizard powers! On T:4916 you were saved from death by your wizard powers! On T:4917 you were saved from death by your wizard powers! On T:4919 you were saved from death by your wizard powers! On T:4921 you were saved from death by your wizard powers! On T:4923 you were saved from death by your wizard powers! On T:4924 you were saved from death by your wizard powers! On T:4926 you were saved from death by your wizard powers! On T:4927 you were saved from death by your wizard powers! On T:4928 you were saved from death by your wizard powers! On T:4930 you were saved from death by your wizard powers! On T:4932 you were saved from death by your wizard powers! On T:4934 you were saved from death by your wizard powers! On T:4935 you were saved from death by your wizard powers! On T:4937 you were saved from death by your wizard powers! On T:4938 you were saved from death by your wizard powers! On T:4939 you were saved from death by your wizard powers! On T:4941 you were saved from death by your wizard powers! On T:4942 you were saved from death by your wizard powers! On T:4943 you were saved from death by your wizard powers! On T:4946 you were saved from death by your wizard powers! On T:4947 you were saved from death by your wizard powers! On T:4948 you were saved from death by your wizard powers! On T:4950 you were saved from death by your wizard powers! On T:4951 you were saved from death by your wizard powers! On T:4952 you were saved from death by your wizard powers! On T:4954 you were saved from death by your wizard powers! On T:4955 you were saved from death by your wizard powers! On T:4957 you were saved from death by your wizard powers! On T:4958 you were saved from death by your wizard powers! On T:4960 you were saved from death by your wizard powers! On T:4961 you were saved from death by your wizard powers! On T:4963 you were saved from death by your wizard powers! On T:4964 you were saved from death by your wizard powers! On T:4966 you were saved from death by your wizard powers! On T:4967 you were saved from death by your wizard powers! On T:4969 you were saved from death by your wizard powers! On T:4970 you were saved from death by your wizard powers! On T:4971 you were saved from death by your wizard powers! On T:4972 you were saved from death by your wizard powers! On T:4974 you were saved from death by your wizard powers! On T:4976 you were saved from death by your wizard powers! On T:4978 you were saved from death by your wizard powers! On T:4980 you were saved from death by your wizard powers! On T:4982 you were saved from death by your wizard powers! On T:4983 you were saved from death by your wizard powers! On T:4985 you were saved from death by your wizard powers! On T:4987 you were saved from death by your wizard powers! On T:4989 you were saved from death by your wizard powers! On T:4991 you were saved from death by your wizard powers! On T:4993 you were saved from death by your wizard powers! On T:4995 you were saved from death by your wizard powers! On T:4997 you were saved from death by your wizard powers! On T:4999 you were saved from death by your wizard powers! On T:5001 you were saved from death by your wizard powers! On T:5004 you were saved from death by your wizard powers! On T:5005 you were saved from death by your wizard powers! On T:5007 you were saved from death by your wizard powers! On T:5010 you were saved from death by your wizard powers! On T:5012 you were saved from death by your wizard powers! On T:5021 you were saved from death by your wizard powers! On T:5036 you advanced to experience level 7. On T:5044 you were saved from death by your wizard powers! On T:5189 you were saved from death by your wizard powers! On T:5203 you were saved from death by your wizard powers! On T:5216 you were saved from death by your wizard powers! On T:5229 you were saved from death by your wizard powers! On T:5275 you were saved from death by your wizard powers! On T:5294 you were saved from death by your wizard powers! On T:5313 you were saved from death by your wizard powers! On T:5447 you were saved from death by your wizard powers! On T:5470 you were saved from death by your wizard powers! On T:5549 you were saved from death by your wizard powers! On T:5552 you were saved from death by your wizard powers! On T:5554 you were saved from death by your wizard powers! On T:5558 you were saved from death by your wizard powers! On T:5561 you were saved from death by your wizard powers! On T:5564 you were saved from death by your wizard powers! On T:5567 you were saved from death by your wizard powers! On T:5575 you were saved from death by your wizard powers! On T:5586 you were saved from death by your wizard powers! On T:5624 you were saved from death by your wizard powers! On T:5632 you were saved from death by your wizard powers! On T:5636 you were saved from death by your wizard powers! On T:5640 you were saved from death by your wizard powers! On T:5682 you were saved from death by your wizard powers! On T:5691 you were saved from death by your wizard powers! On T:5706 you were saved from death by your wizard powers! On T:5711 you were saved from death by your wizard powers! On T:5716 you were saved from death by your wizard powers! On T:5719 you were saved from death by your wizard powers! On T:5723 you were saved from death by your wizard powers! On T:5727 you were saved from death by your wizard powers! On T:5732 you were saved from death by your wizard powers! On T:5735 you were saved from death by your wizard powers! On T:5738 you were saved from death by your wizard powers! On T:5771 you were saved from death by your wizard powers! On T:5795 you were saved from death by your wizard powers! On T:5809 you were saved from death by your wizard powers! On T:5820 you were saved from death by your wizard powers! On T:5891 you were saved from death by your wizard powers! On T:5905 you were saved from death by your wizard powers! On T:5951 you were saved from death by your wizard powers! On T:6015 you were saved from death by your wizard powers! On T:6016 you were saved from death by your wizard powers! On T:6020 you were saved from death by your wizard powers! On T:6020 you were saved from death by your wizard powers! On T:6021 you were saved from death by your wizard powers! On T:6022 you were saved from death by your wizard powers! On T:6024 you were saved from death by your wizard powers! On T:6025 you were saved from death by your wizard powers! On T:6026 you were saved from death by your wizard powers! On T:6027 you were saved from death by your wizard powers! On T:6030 you were saved from death by your wizard powers! On T:6030 you were saved from death by your wizard powers! On T:6031 you were saved from death by your wizard powers! On T:6038 you were saved from death by your wizard powers! On T:6040 you were saved from death by your wizard powers! On T:6044 you were saved from death by your wizard powers! On T:6050 you were saved from death by your wizard powers! On T:6052 you were saved from death by your wizard powers! On T:6054 you were saved from death by your wizard powers! On T:6056 you were saved from death by your wizard powers! On T:6059 you were saved from death by your wizard powers! On T:6064 you were saved from death by your wizard powers! On T:6066 you reached level 13 of The Dungeons of Doom. On T:6070 you were saved from death by your wizard powers! On T:6071 you were saved from death by your wizard powers! On T:6073 you were saved from death by your wizard powers! On T:6074 you were saved from death by your wizard powers! On T:6080 you were saved from death by your wizard powers! On T:6086 you were saved from death by your wizard powers! On T:6092 you were saved from death by your wizard powers! On T:6094 you were saved from death by your wizard powers! On T:6096 you were saved from death by your wizard powers! On T:6097 you were saved from death by your wizard powers! On T:6098 you were saved from death by your wizard powers! On T:6100 you were saved from death by your wizard powers! On T:6102 you were saved from death by your wizard powers! On T:6104 you were saved from death by your wizard powers! On T:6106 you were saved from death by your wizard powers! On T:6107 you were saved from death by your wizard powers! On T:6109 you were saved from death by your wizard powers! On T:6111 you were saved from death by your wizard powers! On T:6112 you were saved from death by your wizard powers! On T:6114 you were saved from death by your wizard powers! On T:6166 you were saved from death by your wizard powers! On T:6168 you were saved from death by your wizard powers! On T:6212 you were saved from death by your wizard powers! On T:6218 you were saved from death by your wizard powers! On T:6222 you were saved from death by your wizard powers! On T:6225 you were saved from death by your wizard powers! On T:6226 you were saved from death by your wizard powers! On T:6228 you were saved from death by your wizard powers! On T:6231 you were saved from death by your wizard powers! On T:6232 you were saved from death by your wizard powers! On T:6234 you were saved from death by your wizard powers! On T:6235 you were saved from death by your wizard powers! On T:6237 you were saved from death by your wizard powers! On T:6238 you were saved from death by your wizard powers! On T:6240 you were saved from death by your wizard powers! On T:6241 you were saved from death by your wizard powers! On T:6243 you were saved from death by your wizard powers! On T:6245 you were saved from death by your wizard powers! On T:6247 you were saved from death by your wizard powers! On T:6248 you were saved from death by your wizard powers! On T:6250 you were saved from death by your wizard powers! On T:6252 you were saved from death by your wizard powers! On T:6254 you were saved from death by your wizard powers! On T:6255 you were saved from death by your wizard powers! On T:6256 you were saved from death by your wizard powers! On T:6258 you were saved from death by your wizard powers! On T:6260 you were saved from death by your wizard powers! On T:6262 you were saved from death by your wizard powers! On T:6263 you were saved from death by your wizard powers! On T:6264 you were saved from death by your wizard powers! On T:6266 you were saved from death by your wizard powers! On T:6267 you were saved from death by your wizard powers! On T:6280 you were saved from death by your wizard powers! On T:6282 you were saved from death by your wizard powers! On T:6288 you were saved from death by your wizard powers! On T:6292 you were saved from death by your wizard powers! On T:6302 you were saved from death by your wizard powers! On T:6306 you were saved from death by your wizard powers! On T:6323 you were saved from death by your wizard powers! On T:6325 you were saved from death by your wizard powers! On T:6326 you were saved from death by your wizard powers! On T:6332 you were saved from death by your wizard powers! On T:6338 you were saved from death by your wizard powers! On T:6354 you were saved from death by your wizard powers! On T:6368 you were saved from death by your wizard powers! On T:6384 you were saved from death by your wizard powers! On T:6403 you were saved from death by your wizard powers! On T:6420 you were saved from death by your wizard powers! On T:6437 you were saved from death by your wizard powers! On T:6527 you were saved from death by your wizard powers! On T:6533 you were saved from death by your wizard powers! On T:6537 you were saved from death by your wizard powers! On T:6542 you were saved from death by your wizard powers! On T:6548 you were saved from death by your wizard powers! On T:6553 you were saved from death by your wizard powers! On T:6559 you were saved from death by your wizard powers! On T:6563 you were saved from death by your wizard powers! On T:6565 you were saved from death by your wizard powers! On T:6567 you were saved from death by your wizard powers! On T:6568 you were saved from death by your wizard powers! On T:6569 you were saved from death by your wizard powers! On T:6570 you were saved from death by your wizard powers! On T:6570 you were saved from death by your wizard powers! On T:6570 you were saved from death by your wizard powers! On T:6570 you were saved from death by your wizard powers! On T:6571 you were saved from death by your wizard powers! On T:6571 you were saved from death by your wizard powers! On T:6572 you were saved from death by your wizard powers! On T:6572 you were saved from death by your wizard powers! On T:6573 you were saved from death by your wizard powers! On T:6573 you were saved from death by your wizard powers! On T:6573 you were saved from death by your wizard powers! On T:6573 you were saved from death by your wizard powers! On T:6573 you were saved from death by your wizard powers! On T:6573 you were saved from death by your wizard powers! On T:6574 you were saved from death by your wizard powers! On T:6574 you were saved from death by your wizard powers! On T:6574 you were saved from death by your wizard powers! On T:6574 you were saved from death by your wizard powers! On T:6574 you were saved from death by your wizard powers! On T:6575 you were saved from death by your wizard powers! On T:6575 you were saved from death by your wizard powers! On T:6575 you were saved from death by your wizard powers! On T:6575 you were saved from death by your wizard powers! On T:6575 you were saved from death by your wizard powers! On T:6576 you were saved from death by your wizard powers! On T:6576 you were saved from death by your wizard powers! On T:6576 you were saved from death by your wizard powers! On T:6576 you were saved from death by your wizard powers! On T:6576 you were saved from death by your wizard powers! On T:6580 you were saved from death by your wizard powers! On T:6581 you were saved from death by your wizard powers! On T:6581 you were saved from death by your wizard powers! On T:6581 you were saved from death by your wizard powers! Score breakdown: Gold: 251 ( 8168 points) Experience: 1 level ( 0 points) Exploration: 13 levels ( 26.00%) (14846 points) Discoveries: 12 items ( 4.05%) ( 6040 points) Valuables value: (no points given unless you survive) Artifact value: 0 ( 0 points) Variety of kills: 60 monsters ( 15.75%) (11905 points) Turncount: 6582 turns (-1760 points) Survival: died (score multiplied by 80%) Total score: 31359 Latest messages: It hits! (2x) You miss it. It bites! (2x) You die... OK, so you don't die. You survived that attempt on your life. It bites! You die... OK, so you don't die. You survived that attempt on your life. It hits! (2x) It bites! You die... OK, so you don't die. You survived that attempt on your life. You miss it. It bites! (2x) You die... Final status: Goodbye Jing Jong the Priest, killed by a succubus... You died in The Dungeons of Doom on dungeon level 13 with 31359 points, and 251 pieces of gold, after 6582 moves. You were level 1 with a maximum of 6 hit points when you died.